 Dungeon Crawl Stone Soup version 0.22.1-1-ga44c0e56f4 (webtiles) character file.

464 Cykl0x the Chopper (level 6, -11/72 HPs)
             Began as a Demonspawn Fighter on Sept 28, 2018.
             Mangled by a mummy (13 damage)
             ... in an ossuary.
             The game lasted 00:16:38 (2696 turns).

Cykl0x the Chopper (Demonspawn Fighter)             Turns: 2696, Time: 00:16:39

Health: -11/72     AC: 11    Str: 23    XL:     6   Next: 80%
Magic:  6/6        EV:  4    Int: 10    God:
Gold:   166        SH: 10    Dex: 12    Spells: 5/5 levels left

rFire    . . .     SeeInvis .   a - +0 war axe
rCold    . . .     Gourm    .   c - +0 shield
rNeg     + . .     Faith    .   g - +0 plate armour
rPois    .         Spirit   .   (helmet restricted)
rElec    .         Reflect  .   (no cloak)
rCorr    .         Harm     .   (no gloves)
MR       .....                  (no boots)
Stlth    ..........             (no amulet)
HPRegen  0.22/turn              q - ring of positive energy
MPRegen  0.10/turn              (no ring)

@: berserking, very quick
A: hooves 1, horns 2
a: no special abilities


You were in an ossuary.
You were not hungry.

You visited 1 branch of the dungeon, and saw 4 of its levels.
You also visited: Sewer and Ossuary.

You collected 166 gold pieces.

Inventory:

Hand Weapons
 a - a +0 war axe (weapon)
Armour
 c - a +0 shield (worn)
 g - a +0 plate armour (worn)
Jewellery
 q - a ring of positive energy (left hand)
Scrolls
 o - a scroll of amnesia
Potions
 b - 2 potions of flight {unknown}
 d - 2 potions of might
 h - a potion of lignification {unknown}
 i - a potion of cancellation {unknown}
 j - 2 potions of haste
 k - a potion of ambrosia {unknown}
 l - 7 potions of heal wounds
 m - 3 potions of curing {unknown}
 n - 2 potions of agility {unknown}
 p - a potion of brilliance {unknown}
 r - a potion of magic {unknown}
Comestibles
 f - 4 rations


   Skills:
 + Level 3.9 Fighting
 + Level 4.5 Axes
 + Level 4.0 Armour
 + Level 0.8 Dodging
 + Level 0.1 Stealth
 + Level 3.9 Shields


You had 5 spell levels left.
You didn't know any spells.
Your spell library contained the following spells:

 Spells                   Type           Power        Failure   Level  Hunger
 Beastly Appendage        Tmut           #.....       100%        1    ##.....
 Sticks to Snakes         Tmut           #.......     100%        2    ###....
 Spider Form              Tmut/Pois      #.........   100%        3    ####...
 Ice Form                 Ice/Tmut       #.......     100%        4    #####..
 Blade Hands              Tmut           #.........   100%        5    ######.


Dungeon Overview and Level Annotations

Branches:
Dungeon (4/15)
 Temple: D:4-7

Altars:

Annotations:
D:4 3 runed doors, Schimscham's ghost, amateur VSEn


Innate Abilities, Weirdness & Mutations

You have large cloven feet.
You have a pair of horns on your head.


Message History

You barely miss the mummy.
The mummy is severely damaged.
You hit the mummy. You block the mummy's attack. The mummy hits you.
* * * LOW HITPOINT WARNING * * *
You hit the mummy.
The mummy is almost destroyed.
Your plate armour prevents you from hitting the mummy.
The mummy hits you!
* * * LOW HITPOINT WARNING * * *
You hit the mummy.
You destroy the mummy!
You completely miss the mummy. You hit the mummy. The mummy barely misses you.
A red film seems to cover your vision as you go berserk!
You feel yourself moving faster!
You feel mighty! You block the mummy's attack.
You slash the mummy! You kick the mummy.
You destroy the mummy!
You slash the mummy!
A giant cockroach zombie comes into view.
The mummy hits you!
You die...

##### #M#.#
'#+#'#'#@#+#
.Z.....M...+
#+##+##'##.#
#...#.+
#.∩.# #
#∩..# #####


You could see a mummy and a giant cockroach zombie (wandering).

Vanquished Creatures
  2 big kobolds (Sewer)
  A crimson imp (D:3)
  An orc priest (D:3)
  Crazy Yiuf (D:3)
  3 mummies
  5 adders
  A river rat (D:3)
  4 oozes
  A worm (D:3)
  A dart slug (D:1)
  7 orcs (D:3)
  11 giant cockroaches
  8 goblins
  18 hobgoblins
  6 jackals
  17 kobolds
  5 ball pythons
  7 bats
  4 frilled lizards
  A kobold zombie (D:4)
  A quokka skeleton (D:4)
  11 rats
116 creatures vanquished.

Notes
Turn   | Place    | Note
-------+----------+-------------------------------------------
     0 | D:1      | Cykl0x the Demonspawn Fighter began the quest for the Orb.
     0 | D:1      | Reached XP level 1. HP: 18/18 MP: 1/1
   128 | D:1      | Gained mutation: You have large cloven feet. [demonic
                  | ancestry]
   128 | D:1      | Reached XP level 2. HP: 19/24 MP: 2/2
   363 | D:1      | Gained mutation: You have a pair of small horns on your
                  | head. [demonic ancestry]
   363 | D:1      | Reached XP level 3. HP: 29/29 MP: 3/3
  1213 | D:2      | Gained mutation: You have a pair of horns on your head.
                  | [demonic ancestry]
  1213 | D:2      | Reached XP level 4. HP: 34/35 MP: 4/4
  1675 | D:3      | Found a glowing drain.
  1690 | D:3      | Reached XP level 5. HP: 29/41 MP: 5/5
  1697 | Sewer    | Entered a sewer
  2102 | Sewer    | Reached XP level 6. HP: 48/48 MP: 6/6
  2541 | D:3      | Found a runed door.
  2545 | D:3      | Noticed Crazy Yiuf
  2549 | D:3      | Killed Crazy Yiuf
  2647 | D:4      | Found a runed gate.
  2647 | D:4      | Found a runed gate.
  2647 | D:4      | Found a runed gate.
  2648 | D:4      | Noticed Schimscham's ghost (amateur VSEn)
  2676 | D:4      | Found a sand-covered staircase.
  2683 | Ossuary  | Entered an ossuary
  2693 | Ossuary  | HP: 1/48 [mummy (10)]
  2696 | Ossuary  | Mangled by a mummy

Skill      XL: |  1  2  3  4  5  6 |
---------------+-------------------+-----
Axes           | 2 3 4 |  4.5
Armour         | 3 4 |  4.0
Shields        | 3 |  3.9
Fighting       | |  3.9
Dodging        | |  0.8
Stealth        | |  0.1

Action                   |  1- 3 |  4- 6 || total
-------------------------+-------+-------++-------
Melee: War axe           |   111 |   193 ||   304
       Kick              |    17 |    46 ||    63
       Headbutt          |     8 |    26 ||    34
  Use: Scroll            |     4 |     5 ||     9
       Potion            |       |     1 ||     1
  Eat: Chunk             |     1 |     2 ||     3
       Ration            |       |     1 ||     1
Armor: Scale mail        |    45 |     8 ||    53
       Plate armour      |       |   138 ||   138
Dodge: Dodged            |    36 |    30 ||    66
Block: Shield            |    52 |   120 ||   172
